[Event "*** Titled Tuesday Blitz"]
[Site "Chess.com"]
[Date "2020.05.05"]
[Round "7"]
[White "ahachess"]
[Black "lupta_robin"]
[Result "1/2-1/2"]
[WhiteElo "2365"]
[BlackElo "2507"]
[TimeControl "180+1"]
[EndTime "11:20:31 PDT"]
[Termination "Game drawn - insufficient material"]

1. d4 d5 2. c4 Nc6 3. Nf3 Bg4 4. cxd5 Bxf3 5. dxc6 Bxc6 6. Nc3 e6 7. e3 Nf6 8.
Bb5 Bxb5 9. Nxb5 c5 10. O-O a6 11. Nc3 cxd4 12. exd4 Be7 13. Bf4 O-O 14. Be5 Nd5 15. Qb3 Qd7 16. Nxd5 exd5 17. Rac1 Rfc8 18. Qg3 Bf8 19.
b3 Rxc1 20. Rxc1 Rc8 21. Rxc8 Qxc8 22. h3 Qc2 23. a4 g6 24. Qf3 Qc6 25. g4 h6 26. h4 Be7 27. h5 Bg5 28. Kg2 Qe6 29. hxg6 fxg6 30. Qg3 Be7 31. f4 Qc6 32. Qf3 Qc2+ 33.
Kh3 Qc6 34. f5 gxf5 35. gxf5 Kh7 36. Qh5 Kg8 37. f6 Qd7+ 38. Qg4+ Qxg4+ 39. Kxg4 Bf8 40. Kf5 Kf7 41. Bg3 h5 42. Ke5 Bb4 43. Bh4 Bd2 44. Kxd5 Be3 45. Ke4 Bg1 46. d5 Bc5 47. Kf5 Bd4 48.
d6 Bc5 49. d7 Bb6 50. Kg5 Ke6 51. Kg6 Kxd7 52. f7 Bc5 53. Kg7 b5 54. axb5 axb5 55. f8=Q Bxf8+ 56. Kxf8 Ke6 57. Ke8 Kd5 58. Be7 Kd4 59. b4 Kc4 60. Kd7 h4 61. Bxh4 Kxb4 62. Kc6 Kc4 63. Be1 b4 64. Bxb4 1/2-1/2

[Event "*** Titled Tuesday Blitz"]
[Site "Chess.com"]
[Date "2020.05.05"]
[Round "7"]
[White "Kildepiotr"]
[Black "Arjun2002"]
[Result "1-0"]
[WhiteElo "2504"]
[BlackElo "2638"]
[TimeControl "180+1"]
[EndTime "11:20:37 PDT"]
[Termination "Kildepiotr won by resignation"]

1. Nf3 d5 2. g3 c6 3. Bg2 Bg4 4. O-O Nd7 5. d3 Ngf6 6. Nbd2 e5 7. e4 Be7 8. h3 Bh5 9. Qe1 O-O 10. Nh4 Re8 11. Nb3 a5 12. a4 Nc5 13. Nxc5 Bxc5 14.
Nf5 Bg6 15. g4 dxe4 16. dxe4 Nd7 17. Ne3 Bf8 18. Nc4 f6 19. Bd2 b6 20. Rd1 Bf7 21. Qe2 Qc7 22. Ne3 Nc5 23. b3 Ne6 24. Bc3 Rad8 25. Rxd8 Rxd8 26. Rd1 Nf4 27. Qf3 Bc5 28. Nf5 Bf8 29. Bf1 g6 30. Ne3 Rxd1 31. Qxd1 Qd6 32. Qxd6 Bxd6 33. Kh2 Bc5 34. Kg3 Be6 35. g5 Kf7 36.
gxf6 Nh5+ 37. Kf3 Kxf6 38. Nc4 Bxc4 39. Bxc4 Nf4 40. h4 Ne6 41. Bxe6 Kxe6 42. Kg3 Bd6 43. Kg4 Be7 44. h5 Bd8 45. hxg6 hxg6 46. f3 b5 47. Be1 bxa4 48. bxa4 Kf7 49. Bh4 Bb6 50. Bg5 Ke6 51. Bd2 Bd8 52. Kg3 Kf7 53. Kf2 Ke6 54. Ke2 Kd6 55. Be3 Kd7 56. Kd3 Be7 57.
Bb6 Bb4 58. c3 Ba3 59. Bxa5 Bc5 60. Kc4 Bf2 61. Bb4 Kc7 62. Bc5 Bg3 63. a5 Kb7 64.
Be3 Ka6 65. Kc5 Kxa5 66. Kxc6 Ka4 67. Kd5 Kb3 68. c4 Kc3 69. c5 Bh4 70. c6 Bd8 71.
Kxe5 Kd3 72. Ba7 Ke2 73. f4 Kf3 74. f5 gxf5 75. exf5 Kg4 76. f6 Kg5 77. f7 Bc7+ 78. Ke6 1-0

[Event "*** Titled Tuesday Blitz"]
[Site "Chess.com"]
[Date "2020.05.05"]
[Round "7"]
[White "UCantHandleDenker"]
[Black "Trickov"]
[Result "1-0"]
[WhiteElo "2563"]
[BlackElo "2286"]
[TimeControl "180+1"]
[EndTime "11:20:38 PDT"]
[Termination "UCantHandleDenker won on time"]

1. Nf3 d5 2. g3 Nf6 3. Bg2 c6 4. O-O Bf5 5. c4 e6 6. b3 Nbd7 7. Bb2 Bc5 8. d3 O-O 9. Nbd2 h6 10. a3 a5 11. Ra2 Qe7 12. Qa1 Rfd8 13. Bd4 Bxd4 14.
Nxd4 Bg6 15. cxd5 exd5 16. N2f3 Re8 17. Bh3 Ne5 18. Rc1 Nxf3+ 19. Nxf3 Qd6 20. Rac2 Re7 21. Nd4 Nd7 22. Bf5 Ne5 23. Bxg6 Qxg6 24. Qb2 Qf6 25.
Kg2 Ng4 26. Nf3 Qxb2 27. Rxb2 Rae8 28. Kf1 Ne5 29. Nd4 Ng4 30. Kg2 Ra8 31. h3 Ne5 32.
b4 axb4 33. axb4 Ra4 34. Nf5 Rd7 35. b5 h5 36. bxc6 Nxc6 37. e3 g6 38. Nh4 Ra3 39. d4 Ra4 40. Rcb1 Ra7 41. Nf3 Na5 42. Ne5 Rc7 43.
Rb5 Nc4 44. Rxd5 Nxe5 45. Rxe5 Ra2 46. Reb5 Rcc2 47. Rf1 Rab2 48. Rxb2 Rxb2 49. Rc1 Kg7 50. Rc7 b5 51. Rb7 Kf6 52. Kf3 b4 53. h4 b3 54. e4 Ke6 55. Ke3 Rb1 56. f3 b2 57.
Kf4 Kd6 58. d5 f6 59. Rb3 Kc5 60. Rb8 Kd6 61. Rb5 Kc7 62. Rc5+ Kd6 63. Rc2 Kd7 64.
Rd2 Kd6 65. Re2 Kd7 66. Rf2 Kd6 67. Rd2 Kd7 68. d6 Kd8 69. d7 g5+ 70. hxg5 fxg5+ 71. Kxg5 Rg1 72. Rxb2 Rxg3+ 73. Kf4 Rg7 74. Rh2 Rh7 75.
Kg5 Kxd7 76. Rxh5 Rf7 77. f4 Ke6 78. Rh6+ Ke7 79. f5 Kf8 80. f6 Ra7 81. Rh8+ Kf7 82. Rh7+ Ke6 83. Rxa7 1-0

[Event "*** Titled Tuesday Blitz"]
[Site "Chess.com"]
[Date "2020.05.05"]
[Round "7"]
[White "StephenDedalus83"]
[Black "chesstrainer2042"]
[Result "1-0"]
[WhiteElo "2673"]
[BlackElo "2433"]
[TimeControl "180+1"]
[EndTime "11:20:39 PDT"]
[Termination "StephenDedalus83 won on time"]

1. e4 e5 2. Nf3 Nc6 3. Bb5 a6 4. Ba4 Nf6 5. O-O Be7 6. Re1 b5 7. Bb3 O-O 8. d3 Bb7 9. Nc3 d6 10. a4 b4 11. Nd5 Na5 12. Nxb4 Nxb3 13. cxb3 Rb8 14. Nc2 d5 15. exd5 Bxd5 16. Nxe5 Rxb3 17. Ne3 Rb8 18. Nxd5 Qxd5 19. Qc2 Bd6 20. Nc4 Rfe8 21. Bd2 Bc5 22. Rxe8+ Rxe8 23. Be3 Bf8 24. h3 Qf5 25. Rc1 Nd5 26. d4 Qe6 27. Qd3 Rb8 28. Bd2 h5 29. Re1 Qc6 30. b3 g6 31. Ne5 Qb7 32. Rb1 Bg7 33. Qc4 Re8 34. Qc6 Qxc6 35. Nxc6 Re2 36. Rd1 Bf8 37. Kf1 Re6 38. Rc1 Ba3 39.
Rc2 Kf8 40. Ne5 Ke8 41. Nd3 Rb6 42. Nc5 c6 43. Ba5 Rb8 44. g3 Bxc5 45. Rxc5 Kd7 46. Bd2 Rxb3 47. Ra5 Nc7 48. Bf4 Rb4 49. Be5 Kc8 50. Ke2 Kb7 51. Bxc7 Kxc7 52. Rxa6 Rxd4 53. Ra7+ Kb6 54. Rxf7 Rxa4 55. Rg7 Ra2+ 56. Ke3 Ra3+ 57. Kf4 Ra2 58. f3 Ra4+ 59. Kg5 Ra3 60. Kxg6 Rxf3 61. Kxh5 c5 62. Kg4 Rf8 63. Re7 c4 64. h4 c3 65. Re1 Kb5 66. h5 Kc4 67. Kh4 c2 68. g4 Kd3 69. Rc1 Rf2 70. g5 1-0

[Event "*** Titled Tuesday Blitz"]
[Site "Chess.com"]
[Date "2020.05.05"]
[Round "7"]
[White "fmshawnrl123"]
[Black "Jumbo"]
[Result "1/2-1/2"]
[WhiteElo "2703"]
[BlackElo "2869"]
[TimeControl "180+1"]
[EndTime "11:20:40 PDT"]
[Termination "Game drawn - insufficient material"]

1. c4 e5 2. g3 Nf6 3. Bg2 d5 4. cxd5 Nxd5 5. Nc3 Nb6 6. Nf3 Nc6 7. O-O Be7 8. a3 a5 9. d3 O-O 10. Be3 Be6 11.
Rc1 a4 12. Ne4 Re8 13. Qd2 f6 14. Nc5 Bxc5 15. Rxc5 Nd5 16. Rfc1 Ra6 17. h4 Bf7 18. Rb5 Qa8 19. Nh2 Nce7 20. h5 c6 21. Rbc5 Bxh5 22. d4 Qb8 23. dxe5 Qxe5 24. Nf3 Qe6 25. Nd4 Qf7 26.
Bh3 Ng6 27. Nf5 Rd8 28. Bd4 Nge7 29. Ne3 Raa8 30. Nc4 Bg6 31. e4 Bxe4 32. Re1 Bf5 33. Bg2 Rd7 34. Ne3 Be6 35. Rcc1 Rad8 36. Qc2 Nxe3 37. Bxe3 Bd5 38. Qxa4 Bxg2 39. Kxg2 Nd5 40. Bc5 Re8 41. Rxe8+ Qxe8 42. Qc4 h5 43. Rc2 Qg6 44. Re2 b5 45. Qh4 Rd8 46. b4 Re8 47. Rxe8+ Qxe8 48.
Kh2 Qe2 49. Qh3 Kh7 50. Qd7 Nc3 51. Qxc6 Ne4 52. Qd5 Nxf2 53. Qf5+ Kg8 54. Qxf2 Qe5 55. Qg2 Kh7 56. Bg1 g5 57. Qc2+ Kg7 58. Qc5 Qe2+ 59. Qf2 Qe4 60. Qe3 Qc2+ 61. Bf2 Kg6 62. Kg2 Qf5 63. Qe8+ Kg7 64. Qa8 h4 65. gxh4 Qg4+ 66.
Kf1 Qd1+ 67. Kg2 Qg4+ 68. Kh2 Qf4+ 69. Bg3 Qe3 70. hxg5 fxg5 71. Qg2 Kg6 72. Qc6+ Kh5 73. Qxb5 Qd2+ 74. Kg1 Qe3+ 75. Bf2 Qxa3 76. Qf1 Qxb4 77. Qe2+ Qg4+ 78. Qxg4+ Kxg4 79. Kg2 Kf5 80. Be1 g4 81.
Bf2 g3 82. Bxg3 1/2-1/2

[Event "*** Titled Tuesday Blitz"]
[Site "Chess.com"]
[Date "2020.05.05"]
[Round "7"]
[White "Shuvalov"]
[Black "Rozum_Ivan"]
[Result "1-0"]
[WhiteElo "2453"]
[BlackElo "2661"]
[TimeControl "180+1"]
[EndTime "11:20:40 PDT"]
[Termination "Shuvalov won by resignation"]

1. Nf3 Nf6 2. c4 g6 3. Nc3 c5 4. g3 Bg7 5. Bg2 O-O 6. O-O Nc6 7. d4 cxd4 8. Nxd4 d6 9. Nc2 Bd7 10. b3 a6 11. Bb2 Rb8 12. Rc1 b5 13. Ne3 Ne5 14.
Ncd5 Nxd5 15. cxd5 Nf3+ 16. Bxf3 Bxb2 17. Rc2 Bg7 18.
h4 Qb6 19. Qd2 Rfc8 20. Rfc1 Rxc2 21. Rxc2 Rc8 22. Rxc8+ Bxc8 23. Qc2 Qc5 24. b4 Qc3 25. Be4 Bb7 26. Qxc3 Bxc3 27. Nc2 e6 28. e3 Kf8 29. Kf1 exd5 30. Bf3 Bc8 31. Bxd5 Bf5 32. e4 Bg4 33.
Bb7 Bd1 34. Ne3 Bf3 35. Bxa6 Bxe4 36. Bxb5 Bxb4 37. Bc4 Bc5 38. Nd5 Bc2 39. Ke2 h5 40. Bb3 Bf5 41. a4 Bd7 42. Nc3 Ke7 43. Bc4 Bg4+ 44. f3 Bc8 45. a5 Bd4 46. Nd5+ Kd8 47.
Nb6 Bb7 48. Bxf7 Bc3 49. Bxg6 Bxa5 50. Nc4 Ba6 51. Bd3 Bc7 52. Ne3 Bc8 53. Nd5 Ba5 54.
Bg6 Bb7 55. Nf4 d5 56. Bxh5 d4 57. Ne6+ Ke7 58. Nxd4 Bb6 59. Nf5+ Kf6 60. Ne3 Ba6+ 61. Kd2 Bc5 62. Be8 Bb7 63. Bh5 Bd6 64. f4 Bb4+ 65.
Ke2 Ba6+ 66. Kf2 Bc5 67. Be2 Bb7 68. Bd3 Bc6 69. Ke2 Bb7 70. g4 Bd6 71. g5+ Ke6 72.
f5+ Kf7 73. Ng4 Bg3 74. h5 Bh4 75. g6+ Kg7 76. h6+ Kh8 77. g7+ Kg8 78. Bc4+ 1-0

[Event "*** Titled Tuesday Blitz"]
[Site "Chess.com"]
[Date "2020.05.05"]
[Round "7"]
[White "MrTattaglia"]
[Black "ChessWarrior7197"]
[Result "1/2-1/2"]
[WhiteElo "2969"]
[BlackElo "2876"]
[TimeControl "180+1"]
[EndTime "11:20:45 PDT"]
[Termination "Game drawn - timeout vs insufficient material"]

1. Nf3 d5 2. g3 Bg4 3. Bg2 e6 4.
O-O Bd6 5. c4 c6 6. d3 Nd7 7. Qb3 Qb6 8. Qc2 Ngf6 9. Nc3 O-O 10. b3 Qd8 11. h3 Bxf3 12. Bxf3 Qe7 13. a3 a5 14. Bg2 h6 15. Bb2 Rfe8 16. Ra2 d4 17.
Nb1 e5 18. Nd2 Nc5 19. Rfa1 Na6 20. Rb1 Rad8 21. Qc1 h5 22. h4 Ng4 23. Ne4 Bc7 24. Qg5 Qxg5 25. Nxg5 f6 26. Ne4 f5 27. Ng5 Nf6 28. Bc1 e4 29. b4 axb4 30. axb4 Ra8 31. Bb2 exd3 32. exd3 Rad8 33. Bxc6 bxc6 34. Rxa6 Rd6 35.
c5 Rd7 36. Rxc6 Rb8 37. Ba1 Nd5 38. b5 Nc3 39. Bxc3 dxc3 40. b6 Be5 41. Re1 Bf6 42. Rc7 Rxc7 43. bxc7 Rc8 44. Ne6 c2 45. Rc1 Kf7 46.
Nf4 Rxc7 47. Rxc2 Be5 48. Nxh5 Ke6 49. Nf4+ Bxf4 50. gxf4 Kd5 51. Rc4 Kc6 52. Kg2 Rd7 53. d4 Rd8 54. Rb4 Kd5 55. Kf3 Rh8 56. Kg3 Rh6 57. Kh3 Rg6 58. Ra4 Rg4 59. h5 Rxf4 60.
Kg3 Rg4+ 61. Kf3 Rh4 62. Ke3 Rxh5 63. Ra6 Rh3+ 64. f3 f4+ 65. Kxf4 Kxd4 66. c6 Rh8 67. c7 Kd5 68. Ra1 Kd6 69. Rc1 Rc8 70. Kg5 Rxc7 71. Rxc7 Kxc7 72. f4 Kd6 73. Kg6 Ke6 74. Kxg7 Kf5 1/2-1/2

[Event "*** Titled Tuesday Blitz"]
[Site "Chess.com"]
[Date "2020.05.05"]
[Round "7"]
[White "Efremov_Vlad"]
[Black "Abund"]
[Result "0-1"]
[WhiteElo "2138"]
[BlackElo "2615"]
[TimeControl "180+1"]
[EndTime "11:20:45 PDT"]
[Termination "Abund won by resignation"]

1. d4 Nf6 2. c4 g6 3. Nf3 Bg7 4. g3 d5 5. cxd5 Nxd5 6. Bg2 O-O 7. O-O Nb6 8. Nc3 Nc6 9. e3 Re8 10. a3 a5 11. Rb1 a4 12. Nd2 e5 13. d5 Na5 14. b4 axb3 15. Nxb3 Nac4 16. a4 e4 17. Nxe4 Bf5 18. Qc2 Nd6 19. Nbc5 Nxd5 20. g4 Bxe4 21. Nxe4 Nxe4 22. Bxe4 Nc3 23. Bxb7 Rb8 24.
Rb3 Qd7 25. Bf3 Rxb3 26. Qxb3 Rd8 27. Bb2 Qxa4 28. Qxa4 Nxa4 29. Bxg7 Kxg7 30. Rc1 c5 31. Bc6 Nb6 32. Rxc5 Rc8 33. Rc2 Nd7 34. Be4 Rxc2 35.
Bxc2 Ne5 36. Kg2 Nxg4 37. h3 Ne5 38. Kg3 Nc4 39. Bd3 Nd6 40. Bc2 Kf6 41. Bd3 h6 42. h4 Ke5 43. f4+ Kf6 44. e4 Nb7 45. f5 g5 46. hxg5+ hxg5 47. Kg4 Nc5 48. Bb1 Nd7 49.
Bc2 Ne5+ 50. Kg3 Ke7 51. Ba4 Kd6 52. Kf2 Kc5 53. Ke3 Ng4+ 54. Kf3 Ne5+ 55. Ke3 Kc4 56.
Bd1 f6 57. Be2+ Kc3 58. Bd1 Nc4+ 59. Kf2 Kd4 60. Bc2 Nd2 61. Kg3 Nxe4+ 62. Kg4 Ke5 63.
Bb1 Nd6 64. Kh5 Nxf5 65. Kg6 Ne7+ 66. Kh5 Nd5 67. Kg4 Nf4 68. Bc2 Ne6 69. Bb1 Nc7 70. Bc2 Nd5 71. Bb1 Ne7 72. Bc2 Ng8 73. Bd3 Nh6+ 74.
Kh5 Nf5 75. Kg4 Ne3+ 76. Kf3 Nd1 77. Kg4 Nf2+ 78. Kf3 Nxd3 0-1

[Event "*** Titled Tuesday Blitz"]
[Site "Chess.com"]
[Date "2020.05.05"]
[Round "7"]
[White "Gabrielian_Artur"]
[Black "Indianlad"]
[Result "0-1"]
[WhiteElo "2720"]
[BlackElo "2916"]
[TimeControl "180+1"]
[EndTime "11:21:01 PDT"]
[Termination "Indianlad won on time"]

1. e4 c5 2. Nc3 d6 3. d4 cxd4 4. Qxd4 Nc6 5. Qd2 g6 6. b3 Bh6 7. f4 Nf6 8. Bb2 e5 9. g3 O-O 10. O-O-O Re8 11. Nf3 Bg4 12. Be2 Rc8 13. Kb1 Bxf3 14.
Bxf3 Nd4 15. Bg2 b5 16. Rc1 Qa5 17. Rhd1 b4 18. Ne2 Nb5 19. Qd3 Rc6 20. c4 Na3+ 21. Bxa3 Qxa3 22. Rc2 Nd7 23. Qd5 Ra6 24. Qb5 Re7 25. c5 Nxc5 26. Nc1 exf4 27. Rxd6 Rxd6 28. Qb8+ Bf8 29. Qxd6 Rxe4 30. Qd1 Re3 31. Bd5 Rc3 32. Bc4 Rxc2 33. Qxc2 fxg3 34. hxg3 Qa5 35. Qf2 Qc7 36. Ne2 Qe7 37. Nf4 Ne4 38. Qd4 Bg7 39. Qd3 Nc3+ 40.
Kc2 Be5 41. Nd5 Nxd5 42. Bxd5 Kg7 43. g4 a5 44. Bc4 Qd6 45. Qf3 Qf6 46. Qd5 Qf2+ 47.
Kd1 Bc3 48. g5 h6 49. gxh6+ Kxh6 50. Qh1+ Kg7 51. Qd5 Kh6 52. Qh1+ Kg5 53. Qd5+ f5 54. Qd8+ Bf6 55. Qd3 Qd4 56. Qxd4 Bxd4 57. Bf7 Kf6 58. Be8 g5 59. Ke2 g4 60. Bd7 Kg5 61. Kd3 Bb6 62.
Bc8 Bd8 63. Bd7 Kf4 64. Bc8 Ke5 65. Bd7 Bb6 66. Bc8 Kf6 67. Bd7 Kg5 68. Bc8 f4 69. Ke4 f3 70. Bd7 Kh4 71. Kf4 Bc7+ 72. Ke4 Kg3 73.
Bc8 Bb8 74. Bd7 f2 75. Bb5 Kg2 0-1

[Event "*** Titled Tuesday Blitz"]
[Site "Chess.com"]
[Date "2020.05.05"]
[Round "7"]
[White "Vesper2018"]
[Black "GMartin_Petrov"]
[Result "0-1"]
[WhiteElo "2177"]
[BlackElo "2614"]
[TimeControl "180+1"]
[EndTime "11:21:08 PDT"]
[Termination "GMartin_Petrov won on time"]

1. e4 c5 2. Nf3 d6 3. d4 cxd4 4. Nxd4 Nf6 5. Nc3 a6 6. h3 e5 7.
Nde2 b5 8. g4 b4 9. Nd5 Nxd5 10.
Qxd5 Ra7 11. Be3 Be6 12. Qd2 Rd7 13. Qxb4 d5 14. Qa4 d4 15. Bd2 Be7 16. Ng3 O-O 17.
Bd3 Rb7 18. b3 Nd7 19. Qa5 Qb8 20. Nf5 Bd8 21. Qa3 g6 22. Nh6+ Kg7 23. O-O Nf6 24. Nf5+ Kg8 25. Nh6+ Kg7 26. Qc1 Be7 27. f4 exf4 28.
Bxf4 Bd6 29. Nf5+ gxf5 30. Bxd6 Qxd6 31. Qg5+ Kh8 32. Qxf6+ Kg8 33. Rf3 fxg4 34. hxg4 Qe7 35. Qxd4 Rd8 36. Qf2 Kh8 37. g5 Qxg5+ 38. Rg3 Qe5 39.
Rf1 Rbb8 40. Qf6+ Qxf6 41. Rxf6 Rg8 42. Rxg8+ Rxg8+ 43. Kh2 a5 44. Rf4 Rg5 45. c4 Kg7 46. a3 Kf8 47. b4 Ke7 48. Rf1 Kd6 49. c5+ Kc7 50. Rc1 axb4 51. axb4 f5 52. b5 f4 53. b6+ Kb7 54. Be2 Re5 55. Kg2 Bd7 56. Kf2 Bc6 57.
Bf3 Bxe4 58. Re1 Rxc5 59. Bxe4+ Kxb6 60. Rh1 Rc3 61. Rxh7 Kc5 62. Bf3 Kd4 63. Be2 Re3 64.
Rd7+ Ke4 65. Re7+ Kd4 66. Rf7 Ke5 67. Rf8 Ke4 68. Rf7 Ke5 69. Bf3 Kd4 70. Rxf4+ Kd3 71. Rf8 Re7 72. Rd8+ Kc3 73. Be2 Kb2 74. Ke1 Rc7 75. Kd2 Ka3 76. Rb8 Ka4 77. Bd3 Rg7 78. Kc3 Rg5 79. Ra8+ Ra5 80. Bc2+ Kb5 81. Bd3+ Ka4 82. Rb8 Ra7 83. Rb1 Rc7+ 84. Bc4 Ka5 85.
Rb5+ Ka4 86. Rb8 Ka5 87. Rb4 Rc6 0-1

[Event "*** Titled Tuesday Blitz"]
[Site "Chess.com"]
[Date "2020.05.05"]
[Round "7"]
[White "Sosat98"]
[Black "BasilSmash"]
[Result "1/2-1/2"]
[WhiteElo "2652"]
[BlackElo "2442"]
[TimeControl "180+1"]
[EndTime "11:21:08 PDT"]
[Termination "Game drawn by agreement"]

1. e4 c6 2. d4 d5 3. Nd2 dxe4 4. Nxe4 Bf5 5. Ng3 Bg6 6. Nh3 Nf6 7. Nf4 e5 8. dxe5 Qa5+ 9. c3 Qxe5+ 10. Be2 Nbd7 11. O-O O-O-O 12. Re1 Nc5 13. Bg4+ Nxg4 14. Qxg4+ f5 15. Rxe5 fxg4 16. Be3 Nd3 17. Nxg6 hxg6 18. Rg5 Nxb2 19.
Rxg4 Rd1+ 20. Rxd1 Nxd1 21. Bxa7 Nxc3 22. Rxg6 Nxa2 23.
Bd4 Nc1 24. Bxg7 Rg8 25. Nf5 Bxg7 26. Nxg7 Kd7 27. h4 b5 28. h5 Ne2+ 29. Kf1 Nf4 30.
Rf6 Rxg7 31. Rxf4 c5 32. g4 b4 33. h6 Rg6 34. Rf7+ Ke6 35. h7 Rh6 36. Rb7 Rh4 37. g5 Kf5 38. Rg7 b3 39. Ke2 b2 40. Rb7 Kxg5 41. Rxb2 Rxh7 42. Rb5 Rc7 43. Kd3 Kf4 44. Rb2 Kf3 45. Kc4 Re7 46. Kc3 Re4 47. Rb5 c4 48. Rf5+ Kg4 49. Rf8 Rf4 50. Rg8+ Kf3 51. Rg3+ Kxf2 52.
Rh3 Kg2 53. Rh8 Rg4 54. Re8 Kg3 55. Rd8 Rf4 56. Rd4 Kf3 57. Rd8 Re4 58. Rc8 Rf4 59. Rd8 Re4 60. Rf8+ Rf4 61. Rc8 Re4 62. Rxc4 Rf4 63.
Rc5 Re4 64. Kd3 Rf4 65. Rc8 Rf5 66. Re8 Kf4 67. Kd4 Rf6 68. Re1 Rf5 69. Rf1+ Kg5 70. Rg1+ Kf6 71. Ke4 Re5+ 72. Kf4 Rf5+ 73. Ke4 Re5+ 74.
Kd4 Rf5 75. Rh1 Rf4+ 76. Kd5 Kf5 77. Rh5+ Kg4 78. Rh8 Kf3 79. Ke5 Re4+ 80. Kd5 1/2-1/2

[Event "*** Titled Tuesday Blitz"]
[Site "Chess.com"]
[Date "2020.05.05"]
[Round "7"]
[White "bascheyaro"]
[Black "GHANDEEVAM2003"]
[Result "0-1"]
[WhiteElo "2701"]
[BlackElo "2881"]
[TimeControl "180+1"]
[EndTime "11:21:12 PDT"]
[Termination "GHANDEEVAM2003 won by resignation"]

1. d4 e6 2. g3 c5 3. c3 Nf6 4. Bg2 d5 5. a3 Nc6 6. Nf3 b6 7. b4 Bd6 8. Bf4 O-O 9. e3 Ba6 10. Qa4 Bb7 11. O-O Ne4 12. Rc1 f5 13. Bxd6 Qxd6 14.
b5 Ne7 15. Nbd2 Ng6 16. h4 Rf6 17. Qd1 Raf8 18. c4 dxc4 19. Nxc4 Qe7 20. h5 Nh8 21. dxc5 Nxc5 22. Qd6 Qxd6 23. Nxd6 Bxf3 24. Bxf3 Nb3 25. a4 Nf7 26. Nc8 Ne5 27. Bb7 Nxa1 28. Rxa1 R6f7 29. Ba6 Rc7 30. f4 Nc4 31. Rd1 Nxe3 32. Re1 Nc2 33. Rxe6 Rfxc8 34. Bxc8 Rxc8 35. Re7 Ra8 36. h6 gxh6 37.
Kf2 a6 38. Rb7 axb5 39. axb5 Ra2 40. Rxb6 Rb2 41. Rb8+ Kg7 42. b6 Nd4+ 43. Ke3 Nc6 44. Rb7+ Kg6 45. Kf3 h5 46. Ke3 Na5 47. Rb8 Nc4+ 48.
Kd4 Nxb6 49. Rg8+ Kf7 50. Rg5 Rb5 51. Rxh5 Rd5+ 52. Ke3 Nc4+ 53. Ke2 Kg6 54. Rg5+ Kf6 55. Rh5 Rd7 56. Rh6+ Kg7 57. Rc6 Re7+ 58. Kf3 Ne3 59. Rc5 Kf7 60. Ra5 Re6 61. Rb5 Kg6 62. Rb8 Ng4 63.
Rg8+ Kf7 64. Rg5 Kf6 65. Rh5 h6 66. Rh4 Re3+ 67. Kg2 Re2+ 68. Kf1 Rf2+ 69. Kg1 Ra2 70. Rh5 Ke6 71. Kf1 Kf6 72. Ke1 Kg6 73. Rh3 h5 74. Kf1 Rh2 75. Rxh2 Nxh2+ 76. Ke2 Kf6 77. Ke3 Ke6 78. Ke2 Kd5 79. Ke3 Kc4 80. Kf2 Kd3 81.
Kg2 Ng4 82. Kf3 Kd2 83. Kg2 Ke3 84. Kh3 Kf3 85. Kh4 Ne3 86. Kh3 Nf1 87. g4 hxg4+ 88. Kh4 g3 89. Kg5 Ne3 0-1

[Event "*** Titled Tuesday Blitz"]
[Site "Chess.com"]
[Date "2020.05.05"]
[Round "7"]
[White "pollo2016"]
[Black "SiddharthGMJagadeesh"]
[Result "0-1"]
[WhiteElo "2571"]
[BlackElo "2418"]
[TimeControl "180+1"]
[EndTime "11:21:17 PDT"]
[Termination "SiddharthGMJagadeesh won by resignation"]

1. d4 d5 2. c4 e6 3. Nc3 Nf6 4. cxd5 exd5 5. Bg5 c6 6. e3 Bd6 7. Bd3 O-O 8. Qc2 h6 9. Bh4 Re8 10. Nge2 a5 11. O-O Bxh2+ 12. Kh1 Bd6 13. Rad1 Na6 14. a3 Nc7 15. e4 dxe4 16. Bxe4 Be7 17. Bf3 Ncd5 18.
Bg3 Bd6 19. Bh4 Be7 20. Bg3 Be6 21. Ne4 Nxe4 22. Bxe4 Bd6 23. Qd3 Bxg3 24. Qxg3 Nf6 25. Bd3 Qd5 26. f3 Qh5+ 27. Kg1 Nd5 28. Qf2 Rad8 29. Ng3 Qh4 30. Ne4 Qxf2+ 31. Kxf2 Nf4 32. Bc2 b6 33. Rfe1 Bd5 34. g3 Ne6 35. Nc3 Bc4 36.
Re4 Nc7 37. b3 Bd5 38. Re5 f6 39. Rxe8+ Rxe8 40. b4 axb4 41. axb4 Ra8 42. Rc1 Ra3 43. Be4 Bxe4 44. Nxe4 Ne6 45. Rxc6 Nxd4 46. Rxb6 Rxf3+ 47. Kg2 Re3 48. Nc5 Nf5 49. Rb8+ Kh7 50. Nd7 Rxg3+ 51. Kf2 h5 52. b5 Rb3 53. Nc5 Rb4 54. b6 Nd6 55. Na6 Rb2+ 56. Kg3 Nc4 57. b7 Nd6 58. Nc5 g5 59. Rd8 Nxb7 60. Rd7+ Kg6 61. Nxb7 h4+ 62.
Kf3 Rb3+ 63. Kg2 Kf5 64. Nc5 Rb2+ 65. Kh3 Rc2 66. Rd5+ Kf4 67. Ne6+ Ke4 68. Ra5 Rc3+ 69. Kg4 Rg3+ 70. Kh5 h3 71. Ra1 h2 72. Rh1 Rg2 73. Ng7 Kf3 74. Nf5 g4 75. Nh4+ Kf2 76. Ra1 Rg1 77.
Ra2+ Kg3 78. Nf5+ Kf4 79. Rxh2 Kxf5 80. Rf2+ Ke6 81. Kh4 g3 82. Re2+ Kf5 83. Kh3 Kg5 84. Re8 f5 85. Rg8+ Kf4 86. Rf8 Rh1+ 87. Kg2 Rh2+ 88. Kg1 Ra2 89. Rf7 Kg4 90. Rf8 f4 91. Rb8 Ra1+ 0-1

[Event "*** Titled Tuesday Blitz"]
[Site "Chess.com"]
[Date "2020.05.05"]
[Round "7"]
[White "vlad_Sid"]
[Black "Gordima"]
[Result "1-0"]
[WhiteElo "2639"]
[BlackElo "2781"]
[TimeControl "180+1"]
[EndTime "11:21:22 PDT"]
[Termination "vlad_Sid won by checkmate"]

1. c4 e6 2. g3 d5 3. Bg2 dxc4 4.
Qa4+ Nd7 5. Nf3 Nf6 6. O-O a6 7. Qxc4 b5 8. Qc2 Bb7 9. b3 c5 10. Bb2 Be7 11. a4 O-O 12. d3 Qb6 13. Nc3 Rac8 14.
Rfc1 Rfd8 15. axb5 axb5 16. Nd2 Bxg2 17. Kxg2 Qb7+ 18. Kg1 h5 19. Ra5 b4 20. Nce4 Nd5 21.
Nc4 Nb8 22. Rca1 Nc6 23. Ra6 Bf8 24. Qc1 Nd4 25. Bxd4 cxd4 26. Qg5 Ra8 27. Rxa8 Rxa8 28. Rxa8 Qxa8 29. Qxh5 g6 30. Qf3 Be7 31. h4 Kg7 32. h5 f5 33. hxg6 Qe8 34. Qh5 Qxg6 35. Qxg6+ Kxg6 36. Ne5+ Kg7 37. Nd2 Nc3 38. Kf1 Bd6 39. Nc6 Bc5 40. Nf3 Nb5 41. Nfe5 Bd6 42. Nc4 Bc5 43. Kg2 Kf6 44. Kf3 Kg5 45. N4e5 Bf8 46.
Kg2 Bc5 47. f4+ Kh5 48. Kf3 Bd6 49. Nf7 Bc5 50. Ncd8 Nc7 51. Ng5 Be7 52. Ngxe6 Bxd8 53. Nxd8 Na6 54. Nc6 Nc5 55. Nxd4 Kg6 56. g4 fxg4+ 57. Kxg4 Kf6 58. Kf3 Kg6 59. Nc6 Nxb3 60. Nxb4 Kf5 61. e4+ Kf6 62. Ke3 Nc5 63. Nd5+ Ke6 64. f5+ Kd6 65.
Nb4 Nd7 66. Kf4 Nb6 67. d4 Nc4 68. e5+ Ke7 69. Ke4 Nd2+ 70. Kd5 Nf1 71. Nc6+ Kd7 72. e6+ Kc7 73. f6 Ne3+ 74. Ke4 Ng4 75. f7 Nf6+ 76. Kf5 Nh7 77. Ne5 Kd6 78. Ng6 Kd5 79. e7 Nf8 80.
exf8=Q Kc4 81. Qd8 Kd3 82. f8=Q Ke2 83. Qfe7+ Kf3 84. Qe4+ Kg3 85. Qc8 Kf2 86. Qc3 Kg1 87. Qg3+ Kf1 88. Qee1# 1-0

[Event "*** Titled Tuesday Blitz"]
[Site "Chess.com"]
[Date "2020.05.05"]
[Round "7"]
[White "pandamaster3000"]
[Black "kingofthenil"]
[Result "1/2-1/2"]
[WhiteElo "2311"]
[BlackElo "2465"]
[TimeControl "180+1"]
[EndTime "11:21:25 PDT"]
[Termination "Game drawn by stalemate"]

1. e4 Nc6 2. Nf3 d5 3. exd5 Qxd5 4. Nc3 Qh5 5. Be2 Bg4 6. d3 O-O-O 7. Bf4 e5 8. Bg3 f5 9. h3 e4 10. Nd2 Bxe2 11.
Qxe2 Qxe2+ 12. Kxe2 Nd4+ 13. Kd1 exd3 14. cxd3 Nf6 15.
Re1 Bb4 16. a3 Bc5 17. Bf4 Rhe8 18. Rxe8 Rxe8 19. Be3 Rd8 20. Bxd4 Bxd4 21. Ke2 Re8+ 22. Kf1 Bxc3 23. bxc3 Nd5 24. Rc1 Nf4 25. d4 Re2 26.
Nc4 Ra2 27. g3 Nd3 28. Rd1 Nxf2 29. Re1 Ne4 30. g4 Ng3+ 31. Kg1 fxg4 32. hxg4 Ne2+ 33. Kh1 Nxc3 34. Re8+ Kd7 35. Rg8 g6 36. Rg7+ Kc6 37. Rxh7 Ne4 38. Ne5+ Kd5 39. Nxg6 Nf2+ 40. Kg1 Nxg4 41.
Rxc7 Rb2 42. Rd7+ Ke4 43. d5 Kf3 44. Nh4+ Kg3 45. Nf5+ Kf4 46. Nd4 Ke4 47. Ne6 Kf3 48.
Ng5+ Kg3 49. Ne4+ Kf4 50. Nc5 Kf3 51. Rxb7 Rc2 52. Rf7+ Ke3 53. Ne6 Nf2 54. Rc7 Nh3+ 55. Kf1 Ra2 56. Rc1 Rf2+ 57. Ke1 Rh2 58. Rc3+ Ke4 59.
d6 Rh1+ 60. Kd2 Ng1 61. Kc2 Nf3 62. Kb3 Rd1 63. Ka4 Rxd6 64. Nc5+ Kf4 65. Nb3 Kg3 66. Kb5 Rd5+ 67. Kc4 Rd8 68. Rxf3+ Kg2 69. Rd3 Rc8+ 70.
Nc5 Rb8 71. Rd7 Rc8 72. Rxa7 Kf3 73. Rg7 Kf4 74. Re7 Kf5 75. Rd7 Kf6 76. Rd5 Ke7 77.
a4 Ra8 78. Re5+ Kd6 79. Re1 Kc6 80. Rb1 Rh8 81. Rd1 Rh4+ 82. Rd4 Rh5 83. Nb3 Rh2 84. Kb4 Kb6 85. Rc4 Rh3 86. a5+ Ka6 87. Rc6+ Kb7 88.
Rb6+ Ka7 89. Nc5 Rh4+ 90. Kb5 Rh5 91. Rb7+ Ka8 92. a6 Rxc5+ 93. Kb6 Rc6+ 94. Kb5 Rc5+ 95.
Kb4 Rc6 96. Ka5 Rxa6+ 97. Kxa6 1/2-1/2